 Dungeon Crawl Stone Soup version 0.24.0-13-gcf9b319 (webtiles) character file.

Game seed: 4287324566623695010, levelgen mode: deterministic

536 Bronimir the Digger (level 7, -2/56 HPs)
             Began as a Deep Dwarf Earth Elementalist on Mar 27, 2020.
             Was an Initiate of Kikubaaqudgha.
             Slain by a worker ant (5 damage)
             ... on level 4 of the Dungeon.
             The game lasted 00:19:12 (4594 turns).

Bronimir the Digger (Deep Dwarf Earth Elementalist) Turns: 4594, Time: 00:19:12

Health: -2/56      AC:  4    Str: 11    XL:     7   Next: 4%
Magic:  0/10       EV: 12    Int: 18    God:    Kikubaaqudgha [......]
Gold:   189        SH:  0    Dex: 13    Spells: 2/12 levels left

rFire    . . .     SeeInvis .   a - +0 war axe
rCold    . . .     Gourm    .   (no shield)
rNeg     + . .     Faith    .   N - +0 leather armour
rPois    +         Spirit   .   j - +0 helmet
rElec    .         Reflect  .   (no cloak)
rCorr    .         Harm     .   (no gloves)
MR       +....                  (no boots)
Stlth    ++........             (no amulet)
HPRegen  0.00/turn              t - ring of positive energy
MPRegen  0.12/turn              M - ring of poison resistance

@: lethally poisoned (-2 -> -2), non-regenerating
A: damage resistance, heal wounds, sense surroundings 1, no regeneration
a: Heal Wounds, Renounce Religion


You were on level 4 of the Dungeon.
You worshipped Kikubaaqudgha.
Kikubaaqudgha was noncommittal.
You were not hungry.

You visited 2 branches of the dungeon, and saw 5 of its levels.

You collected 189 gold pieces.

Inventory:

Hand Weapons
 a - a +0 war axe (weapon)
 b - a +0 hunting sling
 D - a +0 lajatang
 G - a +0 whip of venom
 H - a +0 trident
 O - a +0 hand axe
Missiles
 f - 32 bolts
 h - 69 stones (quivered)
 m - 28 sling bullets
 q - 78 arrows
 E - 12 poisoned darts
Armour
 c - a +0 robe
 j - a +0 helmet (worn)
 v - a +0 ring mail
 N - a +0 leather armour (worn)
Magical Staves
 I - an uncursed staff of fire
Jewellery
 i - a +3 ring of intelligence {unknown}
 p - an uncursed ring of protection from cold
 t - a ring of positive energy (left hand)
 C - a +4 ring of slaying {unknown}
 L - an uncursed ring of protection from magic {unknown}
 M - a ring of poison resistance (right hand)
 Q - an uncursed ring of protection from magic {unknown}
Wands
 x - a wand of flame (10)
 A - a wand of clouds (5)
Scrolls
 e - 2 scrolls of fog {unknown}
 g - 2 scrolls of random uselessness {unknown}
 l - 5 scrolls of identify {unknown}
 o - 3 scrolls of enchant weapon {unknown}
 w - 3 scrolls of remove curse {unknown}
 y - 2 scrolls of amnesia {unknown}
 F - a scroll of enchant armour {unknown}
 J - a scroll of magic mapping {unknown}
Potions
 k - 2 potions of might {unknown}
 n - a potion of agility {unknown}
 r - 2 potions of heal wounds {unknown}
 s - 2 potions of curing {unknown}
 u - 3 potions of flight {unknown}
 z - a potion of cancellation {unknown}
 B - a potion of brilliance {unknown}
 K - a potion of mutation {unknown}
 P - a potion of lignification {unknown}
Comestibles
 d - 3 rations


   Skills:
 + Level 0.9 Fighting
 + Level 0.2 Axes
 + Level 0.1(0.2) Maces & Flails
 + Level 0.1(0.2) Staves
 + Level 1.9 Slings
 * Level 2.5 Armour
 + Level 2.6 Dodging
 - Level 2.5 Stealth
 + Level 3.1 Spellcasting
 + Level 1.5 Conjurations
 * Level 0.5 Necromancy
 + Level 2.0 Transmutations
 * Level 6.8 Earth Magic
 * Level 0.6 Evocations


You had 2 spell levels left.
You knew the following spells:

 Your Spells              Type           Power        Failure   Level  Hunger
a - Sandblast             Erth           ####..       1%          1    None
b - Passwall              Tmut/Erth      ###.....     5%          2    ##.....
c - Stone Arrow           Conj/Erth      ###...       12%         3    ###....
d - Petrify               Tmut/Erth      ###.....     34%         4    ####...

Your spell library contained the following spells:

 Spells                   Type           Power        Failure   Level  Hunger
 Lee's Rapid Deconstruct  Erth           ####......   34%         5    ######.


Dungeon Overview and Level Annotations

Branches:
Dungeon (4/15)             Temple (1/1) D:4

Altars:
Ashenzari
Cheibriados
Dithmenos
Elyvilon
Fedhas
Kikubaaqudgha
Makhleb
Uskayaw
Vehumet
Xom
Zin
The Shining One

Shops:
D:4 (


Innate Abilities, Weirdness & Mutations

You are resistant to damage.
You can heal yourself by infusing magical energy.
You passively map a small area around you.
You do not regenerate.


Message History

Confirm with . or Enter, or press ? or * to list all spells.
You don't have enough magic to cast that spell.
Casting: Stone Arrow (safe; 12% risk of failure)
Confirm with . or Enter, or press ? or * to list all spells.
Aiming: Sandblast (safe; 1% risk of failure)
Press: ? - help, Shift-Dir - straight line, f/p - worker ant
Aim: a worker ant (moderately wounded)
The blast of sand misses the worker ant.
h - 69 stones The worker ant bites you.
The worker ant completely misses you.
Evoke which item? (* to show all) (? for menu, Esc to quit)
Aiming: Throw Flame
Press: ? - help, Shift-Dir - straight line, f/p - worker ant
Aim: a worker ant (moderately wounded)
The puff of flame hits the worker ant.
The worker ant is heavily wounded.
The worker ant bites you!
You die...
Kikubaaqudgha rasps: "You have failed me!
Welcome... death!"

....#######..#...........#
#.#
###.........###.##.....###
#.#
#.########.#........##*
#.#
#.##..................#
#.#
#......#####.########)#
#.# #.##...#
#.##...###.##### #.######
#.##............ ###)#
#.##...###...... ....#
#..@a.## ##### #####
####### # #


You could see a worker ant.

Vanquished Creatures
  Menkaure (D:4)
  An ogre (D:4)
  An orc wizard (D:3)
  A centaur skeleton (D:4)
  4 worker ants (D:4)
  6 adders
  2 oozes
  2 worms
  3 dart slugs
  7 leopard geckos
  11 orcs
  14 bats
  3 giant cockroaches
  10 goblins
  6 hobgoblins
  4 jackals (D:3)
  6 kobolds
  2 ball pythons (D:3)
  5 frilled lizards
  A jackal zombie (D:4)
  A quokka skeleton (D:2)
  10 rats
101 creatures vanquished.

Notes
Turn   | Place    | Note
-------+----------+-------------------------------------------
     0 | D:1      | Bronimir the Deep Dwarf Earth Elementalist began the quest
                  | for the Orb.
     0 | D:1      | Reached XP level 1. HP: 15/15 MP: 3/3
   135 | D:1      | Reached XP level 2. HP: 22/22 MP: 0/4
   271 | D:1      | Learned a level 2 spell: Passwall
   400 | D:1      | Reached skill level 5 in Earth Magic
   431 | D:1      | Reached XP level 3. HP: 30/30 MP: 6/6
   810 | D:1      | Reached skill level 1 in Slings
  1088 | D:2      | Reached XP level 4. HP: 37/37 MP: 3/7
  1144 | D:2      | Learned a level 3 spell: Stone Arrow
  2256 | D:3      | Reached skill level 1 in Transmutations
  2752 | D:3      | Reached XP level 5. HP: 29/43 MP: 0/8
  2774 | D:3      | Reached skill level 6 in Earth Magic
  3749 | D:4      | Found a snail-covered altar of Cheibriados.
  3762 | D:4      | Reached skill level 1 in Armour
  3833 | D:4      | Found a staircase to the Ecumenical Temple.
  3854 | Temple   | Entered the Ecumenical Temple
  4135 | Temple   | Became a worshipper of Kikubaaqudgha
  4170 | D:4      | Reached skill level 1 in Conjurations
  4170 | D:4      | Reached XP level 6. HP: 24/50 MP: 4/9
  4235 | D:4      | Noticed Menkaure
  4243 | D:4      | Killed Menkaure
  4411 | D:4      | Found Kuvigriurr's Weapon Emporium.
  4509 | D:4      | Learned a level 4 spell: Petrify
  4583 | D:4      | Reached XP level 7. HP: 11/56 MP: 3/10
  4594 | D:4      | Slain by a worker ant

Levels and vault maps discovered:
D:1:      saegor_arrival_simple_b, layout_basic
D:2:      layout_rooms
D:3:      minmay_bubble_buster, layout_basic, first_ration
D:4:      layout_loops_ring, cheibriados_altar_1,
          minmay_temple_entry_statues_fountains, serial_shops, shop,
          uniq_menkaure
Temple:   minmay_temple_curvy_loop

Skill      XL: |  1  2  3  4  5  6 |
---------------+-------------------+-----
Spellcasting   | 2 3 |  3.1
Earth Magic    | 5 6 |  6.8
Slings         | 1 |  1.9
Transmutations | 1 2 |  2.0
Armour         | 1 2 |  2.5
Conjurations   | 1 |  1.5
Fighting       | |  0.9
Axes           | |  0.2
Maces & Flails | |  0.1
Staves         | |  0.1
Dodging        | |  2.6
Stealth        | |  2.5
Necromancy     | |  0.5
Evocations     | |  0.6

Action                   |  1- 3 |  4- 6 |  7- 9 || total
-------------------------+-------+-------+-------++-------
Melee: Club              |     4 |       |       ||     4
       Whip              |     6 |     2 |       ||     8
       Lajatang          |       |    20 |       ||    20
       Hand axe          |       |     2 |       ||     2
       War axe           |       |       |     3 ||     3
 Fire: Hunting sling     |    44 |    21 |       ||    65
 Cast: Sandblast         |    30 |    48 |     1 ||    79
       Stone Arrow       |       |    29 |     2 ||    31
 Abil: Heal Wounds       |       |     1 |       ||     1
Evoke: Wand              |       |       |     1 ||     1
 Stab: Sleeping          |     2 |     1 |       ||     3
  Eat: Chunk             |     1 |    11 |       ||    12
       Ration            |       |     1 |       ||     1
Armor: Robe              |     6 |     6 |       ||    12
Dodge: Dodged            |    16 |    35 |     5 ||    56
